[Event "*** Titled Tuesday Blitz"]
[Site "Chess.com"]
[Date "2021.03.02"]
[Round "3"]
[White "The_Machine04"]
[Black "wannabe2700"]
[Result "0-1"]
[WhiteElo "2435"]
[BlackElo "2725"]
[TimeControl "180+1"]
[EndTime "10:28:58 PST"]
[Termination "wannabe2700 won by checkmate"]

1. d4 f5 2. Bg5 h6 3. Bh4 g5 4.
Bg3 Bg7 5. e3 c5 6. h4 f4 7.
exf4 gxf4 8. Bxf4 cxd4 9. Qh5+ Kf8 10. Nf3 Nc6 11. Nbd2 Nf6 12. Qg6 Qe8 13. Qg3 d6 14. Bd3 e5 15. O-O-O Nh5 16. Qh2 Nxf4 17. h5 Nxd3+ 18.
cxd3 Bf5 19. Ne4 Qe6 20. Nh4 Bxe4 21. dxe4 Qxa2 22. Qh3 Bf6 23. Ng6+ Kf7 24. Nxh8+ Rxh8 25. Qg4 Ne7 26. Kd2 Qxb2+ 27. Ke1 Rg8 28. Qf3 a5 29.
Kf1 a4 30. g3 a3 31. Kg2 a2 32. Ra1 b5 33. Qd3 Rc8 34. Qf3 Rc3 35. Qg4 Rc2 36. Rhf1 b4 37. Qf3 b3 38. Qd3 Qc3 39. Qb5 d3 40. Qd7 Qd4 41. Qg4 Rxf2+ 42. Rxf2 Qxa1 43. Qf3 Ng8 44. Qf5 Qd4 45. Qg6+ Kf8 46. Rxf6+ Nxf6 47. Qxf6+ Ke8 48. Qh8+ Kd7 49. Qg7+ Kc6 50. Qxh6 a1=Q 51.
Qd2 Qab2 52. Qxb2 Qxb2+ 53. Kf3 Qe2# 0-1

[Event "*** Titled Tuesday Blitz"]
[Site "Chess.com"]
[Date "2021.03.02"]
[Round "3"]
[White "C_K_G"]
[Black "WanderingPuppet"]
[Result "0-1"]
[WhiteElo "2000"]
[BlackElo "2476"]
[TimeControl "180+1"]
[EndTime "10:28:58 PST"]
[Termination "WanderingPuppet won by checkmate"]

1. e4 c5 2. Nf3 d6 3. c3 Nf6 4.
Bd3 Bg4 5. h3 Bh5 6. e5 dxe5 7.
Bb5+ Nbd7 8. g4 Bg6 9. Nxe5 a6 10. Ba4 b5 11. Nxg6 hxg6 12. Bc2 e6 13. d4 cxd4 14. cxd4 Rc8 15. Nc3 Qc7 16. Bb3 Nb6 17. Be3 Bb4 18. Rc1 Nc4 19. Bxc4 Qxc4 20. Qe2 Qxa2 21. O-O Bxc3 22.
Qd3 Qxb2 23. Rc2 Qa3 24. d5 Nxd5 25. Bd4 Nf4 26. Rxc3 Rxc3 27. Qe4 Nxh3+ 28. Kg2 Rc8 29. Bxg7 Rh7 30. Bf6 Qb3 31. f3 Qc2+ 32. Qxc2 Rxc2+ 33.
Kg3 g5 34. Rd1 Rc8 35. Rd6 Nf4 36. Bxg5 Ne2+ 37. Kf2 Nc3 38. Rxa6 Nd5 39. Ra7 b4 40. Rb7 Rh2+ 41. Kg3 Rhc2 42. f4 R2c7 43. Rb5 f6 44. Bh6 Kf7 45. g5 fxg5 46. fxg5 Rc3+ 47. Kg4 R8c4+ 48.
Kh5 Rh3# 0-1

[Event "*** Titled Tuesday Blitz"]
[Site "Chess.com"]
[Date "2021.03.02"]
[Round "3"]
[White "Flawless_Fighter"]
[Black "KuzubovYuriy"]
[Result "0-1"]
[WhiteElo "2653"]
[BlackElo "2912"]
[TimeControl "180+1"]
[EndTime "10:28:59 PST"]
[Termination "KuzubovYuriy won by resignation"]

1. e4 c5 2. Nf3 Nc6 3. Bb5 e6 4. Bxc6 bxc6 5. d3 d5 6. Qe2 Ne7 7. c4 Ng6 8. b3 d4 9. e5 f6 10.
O-O Qc7 11. Re1 Be7 12. Nbd2 O-O 13. Ne4 Nxe5 14. Nxe5 Qxe5 15. Ba3 Qc7 16. Bxc5 Bxc5 17. Nxc5 e5 18. f4 Qa5 19. Ne4 exf4 20. Qf2 Qe5 21. Nd2 Qc7 22. Re4 c5 23. Rae1 Bf5 24. Re7 Qd6 25.
Qf3 g5 26. Qb7 Rfb8 27. Rg7+ Kh8 28. Qf7 Rf8 29. Qb7 Qb6 30. Ree7 Qxb7 31. Rxb7 Rae8 32.
Kf2 Re3 33. Rgc7 Rxd3 34. Nf3 g4 35. Nh4 Be4 36. Re7 Bxb7 37. Rxb7 Rd2+ 38. Ke1 Rxa2 39. Nf5 Rxg2 40. Nd6 f3 41. Rxa7 d3 42. Ne4 Re2+ 43. Kd1 Rxe4 44. Kd2 f2 45. Ra1 Re1 0-1

[Event "*** Titled Tuesday Blitz"]
[Site "Chess.com"]
[Date "2021.03.02"]
[Round "3"]
[White "elcandado"]
[Black "Galileo22"]
[Result "0-1"]
[WhiteElo "2615"]
[BlackElo "2436"]
[TimeControl "180+1"]
[EndTime "10:29:00 PST"]
[Termination "Galileo22 won on time"]

1. d4 Nf6 2. Bf4 c5 3. c3 g6 4. e3 Bg7 5. Nf3 O-O 6. h3 d6 7.
dxc5 dxc5 8. Qxd8 Rxd8 9. Nbd2 Nc6 10. O-O-O Nd5 11. Be2 b6 12. Bc4 Bb7 13. Bg3 Na5 14.
Be2 Rac8 15. Nb3 Nc6 16. Rd2 Nf6 17. Rhd1 Ne4 18. Rxd8+ Rxd8 19. Rxd8+ Nxd8 20. Bh4 f6 21. Nbd2 Nd6 22. Bf1 e5 23. Nxe5 g5 24. Nec4 Nf5 25. Bg3 Nxg3 26. fxg3 Bf8 27. Nf3 Kf7 28. Ncd2 Bd6 29.
g4 Ke7 30. Bd3 h6 31. Be4 Bc8 32. c4 Bc7 33. Bd5 Nf7 34. Ne4 Ne5 35. Nxe5 Bxe5 36. b3 f5 37. gxf5 Bxf5 38. Kd2 Bd7 39. Nf2 h5 40. Nd3 Bg3 41. Ke2 g4 42. hxg4 hxg4 43. e4 Kd6 44. Ke3 Be5 0-1

[Event "*** Titled Tuesday Blitz"]
[Site "Chess.com"]
[Date "2021.03.02"]
[Round "3"]
[White "andriipalchuk"]
[Black "Jadeit90"]
[Result "0-1"]
[WhiteElo "2551"]
[BlackElo "2397"]
[TimeControl "180+1"]
[EndTime "10:29:00 PST"]
[Termination "Jadeit90 won by resignation"]

1. d4 Nf6 2. c4 e6 3. Nf3 Bb4+ 4. Nc3 d5 5. Qa4+ Nc6 6. e3 Ne4 7. Qc2 f5 8. a3 Bxc3+ 9. bxc3 O-O 10. Bd3 Bd7 11.
O-O Be8 12. cxd5 exd5 13. c4 Bf7 14. Rb1 b6 15. Rb5 Kh8 16. cxd5 Bxd5 17. Bb2 a6 18.
Rxd5 Qxd5 19. Rc1 Na5 20. Ne5 Qb3 21. Qe2 Rac8 22. f3 Nd6 23. Bxa6 Ra8 24. Bc3 Qxa3 25. Ra1 Qb3 26. Be1 f4 27. Bd3 fxe3 28. Rc1 Nf5 29.
Rxc7 Nxd4 30. Qxe3 Nf5 31. Qe4 Qe6 32. g4 Rae8 33.
f4 Qd6 34. Rd7 Qxd7 35. Nxd7 Rxe4 36. Bxe4 Re8 37. Ne5 Nd6 38. Bd3 h6 39. Bc3 Nb3 40. Kf2 Nc5 41. Bc2 Nce4+ 42. Kf3 Nxc3 43. h4 Ncb5 44.
Kg3 Nd4 45. Bd3 b5 46. h5 b4 47. Ng6+ Kg8 48. Ne5 b3 49. Kf2 b2 50. Ke3 Rb8 51.
Kxd4 b1=Q 52. Bxb1 0-1

[Event "*** Titled Tuesday Blitz"]
[Site "Chess.com"]
[Date "2021.03.02"]
[Round "3"]
[White "dosto07"]
[Black "PotapovaM"]
[Result "0-1"]
[WhiteElo "2324"]
[BlackElo "2534"]
[TimeControl "180+1"]
[EndTime "10:29:01 PST"]
[Termination "PotapovaM won on time"]

1. d4 Nf6 2. Nf3 g6 3. Nc3 Bg7 4. e4 d5 5. e5 Ne4 6. Bd3 Nxc3 7. bxc3 c5 8. O-O Nc6 9. h3 c4 10. Be2 O-O 11. Rb1 a6 12. Bf4 b5 13. Qd2 f6 14.
Bh6 fxe5 15. Bxg7 Kxg7 16. Nxe5 Nxe5 17. dxe5 e6 18. Qd4 Qg5 19. f4 Qh4 20. Bg4 h5 21. Be2 Bd7 22. Kh2 Qe7 23. a4 Rab8 24. Qa7 Ra8 25.
Qd4 Rfb8 26. a5 Rc8 27. f5 gxf5 28. Bxh5 Rh8 29. Be2 Rh4 30. Rf4 Rah8 31. Rbf1 Be8 32. R1f3 Bg6 33. Rg3 Kf7 34. Qf2 Rxf4 35. Qxf4 Qh4 36.
Qxh4 Rxh4 37. Rf3 Re4 38. Bf1 Rxe5 39. Kg3 Re1 40. Rf2 e5 41. h4 Kf6 42. Kh2 f4 43. g3 Kf5 44. gxf4 exf4 45. Bh3+ Ke4 46. Bg4 Bf5 47.
Bf3+ Ke3 48. h5 Kxf2 0-1

[Event "*** Titled Tuesday Blitz"]
[Site "Chess.com"]
[Date "2021.03.02"]
[Round "3"]
[White "MirMan90"]
[Black "Grandmaster2B"]
[Result "1-0"]
[WhiteElo "2747"]
[BlackElo "2488"]
[TimeControl "180+1"]
[EndTime "10:29:02 PST"]
[Termination "MirMan90 won by resignation"]

1. d4 Nf6 2. c4 e6 3. Nc3 Bb4 4. Qc2 O-O 5. e4 d5 6. e5 Ne4 7. Bd3 c5 8. Ne2 Nc6 9. O-O Nxd4 10.
Nxd4 cxd4 11. Nxe4 dxe4 12. Bxe4 g6 13. a3 Be7 14. Bh6 Re8 15. Rad1 Qc7 16. f4 Bc5 17. Kh1 a5 18. h4 Bd7 19. h5 Bc6 20. hxg6 Bxe4 21.
Qxe4 fxg6 22. Bg5 Qc6 23. Qd3 b6 24. Kh2 Ra7 25. g4 Rf7 26. Kg3 Rd7 27. Rh1 Be7 28. Bh6 a4 29. Rh2 Rc8 30. Rc1 b5 31. c5 Qd5 32. Rch1 Qb3 33. Qxb3 axb3 34. Bg7 Bh4+ 35.
Rxh4 Rxg7 36. Rd1 Rd7 37. Rd3 Rxc5 38. Rh2 Rc2 39. Rhd2 Kf7 40. g5 Ke7 41. Kf3 Rdc7 42. Rxd4 Rxd2 43. Rxd2 Rc2 44. Ke3 Rc1 45. Rd3 Re1+ 46.
Kf2 Rh1 47. Rxb3 Rh4 48. Kg3 Rh1 49. Rxb5 h5 50. gxh6 Rxh6 51. Rb7+ Kd8 52. a4 Kc8 53. Rb6 Kd7 54. a5 Rh1 55. b4 Rg1+ 56. Kf2 Rg4 57. Kf3 Rg1 58. a6 g5 59. fxg5 Rxg5 60. Kf4 Rf5+ 61. Ke4 Rf1 62. Rb7+ Kc6 63. b5+ Kc5 64. a7 Re1+ 65. Kd3 Ra1 66. b6 Kc6 67. Rb8 Ra3+ 68. Kc2 Ra2+ 69. Kb3 Ra6 1-0

[Event "*** Titled Tuesday Blitz"]
[Site "Chess.com"]
[Date "2021.03.02"]
[Round "3"]
[White "QuintilianoR"]
[Black "sergeikim"]
[Result "0-1"]
[WhiteElo "2708"]
[BlackElo "2522"]
[TimeControl "180+1"]
[EndTime "10:29:03 PST"]
[Termination "sergeikim won by resignation"]

1. d4 Nf6 2. c4 g6 3. Nf3 Bg7 4. Nc3 O-O 5. e4 d6 6. Be2 e5 7. O-O exd4 8. Nxd4 Re8 9. f3 Nbd7 10. Bg5 c6 11. Kh1 a5 12. Qd2 a4 13. Rab1 Qb6 14. Nc2 Re6 15. b4 axb3 16. axb3 Nc5 17. Be3 Qc7 18. Nd4 Re8 19. b4 Ne6 20. Rfc1 Qd8 21. Rd1 Nd7 22. b5 Qc7 23. Nxe6 Rxe6 24.
b6 Qd8 25. c5 dxc5 26. Bc4 Re8 27. Bxc5 Qf6 28. Bd4 Qxd4 29. Qxd4 Bxd4 30. Rxd4 Ra3 31. Ne2 Ne5 32. Bb3 Kg7 33. h3 h5 34. Nf4 h4 35.
Kh2 Nd7 36. Bc4 Nc5 37. Nd3 Na4 38. Rc1 Nxb6 39. Nc5 Nxc4 40. Rcxc4 Ra2 41. Nd3 Be6 42.
Rb4 b5 43. Nc5 Bc4 44. Rd1 Rc2 45. Na6 Ra8 46. Nc7 Raa2 47. Rg1 c5 48. Rbb1 b4 49.
Ne8+ Kf8 50. Nd6 Be6 51. Nb5 b3 52. Nc7 c4 53. Nxe6+ fxe6 54. Rbd1 Ke7 55. e5 Rd2 56. Rc1 Rac2 57. Ra1 b2 58. Ra7+ Rd7 59. Ra4 Rc1 60. Rb4 0-1

[Event "*** Titled Tuesday Blitz"]
[Site "Chess.com"]
[Date "2021.03.02"]
[Round "3"]
[White "maxip32"]
[Black "miredenizdogan"]
[Result "1-0"]
[WhiteElo "2521"]
[BlackElo "2267"]
[TimeControl "180+1"]
[EndTime "10:29:04 PST"]
[Termination "maxip32 won on time"]

1. e4 e6 2. d3 d5 3. Nd2 Nf6 4. Ngf3 Nc6 5. c3 dxe4 6. dxe4 e5 7. Bc4 Bc5 8. O-O a5 9. a4 O-O 10. Qb3 Qe7 11. Re1 Bb6 12. Nf1 Ng4 13. Ne3 Kh8 14.
Re2 Nxe3 15. Bxe3 Bxe3 16. Rxe3 Bg4 17. Qxb7 Qf6 18. Qb3 Rab8 19. Qc2 Ne7 20. h3 Bh5 21. Nd2 Qb6 22. b3 f5 23. exf5 Nxf5 24. Rxe5 Bg6 25.
Bd3 Ng3 26. Re3 Rxf2 27. Kxf2 Rf8+ 28. Nf3 Re8 29. Re1 Nh1+ 30. Kg1 Rxe3 31. Kxh1 Rxe1+ 32. Nxe1 Qe3 33. Qe2 Qg3 34. Bxg6 hxg6 35. Nf3 Qf4 36. Qe8+ Kh7 37. Qe5 Qc1+ 38. Kh2 Kh6 39. h4 Kh7 40.
Ng5+ Kh6 41. Nf7+ Kh7 42. Qxc7 Qe1 43. Ng5+ Kh6 44. Qf4 Kh5 45. g4+ 1-0

[Event "*** Titled Tuesday Blitz"]
[Site "Chess.com"]
[Date "2021.03.02"]
[Round "3"]
[White "kuba2006"]
[Black "suneebaker"]
[Result "1-0"]
[WhiteElo "2366"]
[BlackElo "2165"]
[TimeControl "180+1"]
[EndTime "10:29:04 PST"]
[Termination "kuba2006 won on time"]

1. b3 e5 2. Bb2 Nc6 3. e3 Nf6 4. Bb5 d6 5. Nf3 Bd7 6. O-O g6 7. d4 Bg7 8. Bxc6 Bxc6 9. dxe5 Nd7 10. Nd4 Bxe5 11. Nxc6 bxc6 12. Bxe5 Nxe5 13. c4 Qf6 14. Nd2 O-O 15. f4 Nd7 16. Qf3 c5 17. Ne4 Qg7 18.
Rac1 Rae8 19. Nc3 Nf6 20. e4 Nd7 21. Rfd1 Nb6 22. Nb5 Re7 23. Nxa7 Rfe8 24. e5 dxe5 25. Nc6 Re6 26. Nxe5 f6 27. Nd3 Re3 28. Qc6 Qe7 29.
h3 Re2 30. Qxc5 Qe4 31. Nf2 Qxf4 32. Rf1 Qg3 33. Rcd1 Rxa2 34. b4 Rc2 35. Rd4 Qe3 36. Qc6 Qxd4 37. Qxe8+ Kg7 38. Qe7+ Kh6 39. Qxc7 Nxc4 40.
Qg3 Ne3 41. Re1 Nf5 42. Qf3 Qd2 43. Rf1 Nd4 44. Ng4+ 1-0

[Event "*** Titled Tuesday Blitz"]
[Site "Chess.com"]
[Date "2021.03.02"]
[Round "3"]
[White "Julianos82"]
[Black "onetowin"]
[Result "1-0"]
[WhiteElo "2351"]
[BlackElo "2141"]
[TimeControl "180+1"]
[EndTime "10:29:04 PST"]
[Termination "Julianos82 won on time"]

1. d4 Nf6 2. Nf3 e6 3. Bg5 Be7 4. Nbd2 d5 5. e3 O-O 6. Bd3 c5 7. c4 h6 8. Bh4 dxc4 9. Nxc4 cxd4 10. exd4 Nc6 11. O-O Nd5 12. Bg3 Bf6 13. Nce5 Nde7 14. Rc1 Nxe5 15. dxe5 Bg5 16. Nxg5 hxg5 17. Qf3 Qa5 18.
Rc4 Qd5 19. Qe2 Rd8 20. Be4 Qd2 21. Qf3 Rb8 22. h4 b5 23. Rc2 Qd4 24. hxg5 Nd5 25. Re1 Bb7 26. Qh5 g6 27. Bxg6 fxg6 28. Qxg6+ Kf8 29. Qxe6 Ne7 30. Qh6+ Ke8 31. Qh5+ Kf8 32. g6 Qd5 33. Qh6+ Ke8 34. f3 Qd4+ 35. Bf2 Qe4 36.
Rxe4 Bxe4 37. fxe4 Rb6 38. Qh8+ Kd7 39. Qg7 Rxg6 40.
Rd2+ Kc8 41. Rxd8+ Kxd8 42. Qf8+ Kd7 43. e6+ Kd6 44. Qf3 Kxe6 45. Qb3+ Kd7 46. Qxb5+ Nc6 47. e5 Re6 48. Qb7+ Ke8 49. Bh4 Kf8 50. Qc8+ Kg7 51. Qxe6 1-0

[Event "*** Titled Tuesday Blitz"]
[Site "Chess.com"]
[Date "2021.03.02"]
[Round "3"]
[White "Firouzja2003"]
[Black "Mazetovic"]
[Result "0-1"]
[WhiteElo "3134"]
[BlackElo "2730"]
[TimeControl "180+1"]
[EndTime "10:29:05 PST"]
[Termination "Mazetovic won by resignation"]

1. d4 Nf6 2. Bg5 d5 3. e3 Nbd7 4. Nf3 g6 5. c4 Bg7 6. Nc3 dxc4 7. Bxc4 O-O 8. O-O c6 9. h3 Nb6 10. Bb3 Bf5 11. Qe2 Ne4 12. Bh4 a5 13. a3 Nd5 14.
Nxd5 cxd5 15. Qb5 Be6 16. Ng5 Nxg5 17. Bxg5 Bf6 18. Bxf6 exf6 19. Rfc1 Ra6 20. Rc3 Qd6 21. Rac1 Rfa8 22. Ba4 Rb6 23. Qe2 Kg7 24. Bb5 a4 25.
Rc5 h5 26. R1c3 h4 27. Bd3 f5 28. Qd2 Bd7 29. Be2 Bc6 30. Bd1 Re8 31. Bf3 Rd8 32. Ra5 Re8 33. Rcc5 f4 34. Bxd5 fxe3 35. fxe3 Qg3 36.
Bc4 Rxe3 37. d5 Re1+ 38. Bf1 Bd7 39. Rc3 Rf6 40. Qe2 Rfxf1+ 41. Qxf1 Rxf1+ 42. Kxf1 Qf4+ 43. Kg1 Qd2 44. Rac5 Bf5 45. R5c4 Qxb2 46. Rf3 Qd2 47.
Rxa4 Qxd5 48. Rxh4 Be4 49. Rf2 f5 50. Rb2 g5 51. Rh5 Qd1+ 0-1

[Event "*** Titled Tuesday Blitz"]
[Site "Chess.com"]
[Date "2021.03.02"]
[Round "3"]
[White "TST2014"]
[Black "bocah_sakit"]
[Result "0-1"]
[WhiteElo "2631"]
[BlackElo "2866"]
[TimeControl "180+1"]
[EndTime "10:29:06 PST"]
[Termination "bocah_sakit won on time"]

1. d4 Nf6 2. c4 g6 3. Nc3 Bg7 4. e4 d6 5. Nf3 O-O 6. Be2 Nc6 7. d5 Nb8 8. O-O c6 9. Be3 a5 10. Nd4 cxd5 11. cxd5 Na6 12. Rc1 Nc5 13. f3 Bd7 14. Bb5 Bxb5 15. Ndxb5 Nfd7 16. Qe2 a4 17. Rc2 Qa5 18. Rfc1 Rfc8 19. Bg5 Kf8 20. f4 Na6 21. Kh1 Nb4 22. Rd2 Na6 23. h3 Nc7 24. Rdc2 Nxb5 25. Nxb5 Rxc2 26. Rxc2 Nc5 27. e5 Re8 28. Qc4 Qe1+ 29.
Kh2 Ne4 30. Bh4 Qxh4 31. Qxe4 Bxe5 32. g3 Qh5 33. fxe5 dxe5 34. Re2 f6 35. Nc3 Qg5 36.
h4 Qc1 37. Qe3 Qa1 38. Qf3 Rc8 39. d6 Kf7 40. d7 Rd8 41. Rd2 a3 42. bxa3 Qc1 43.
Qd5+ e6 44. Qd3 f5 45. Ne2 Qe1 46. Nc3 e4 0-1

[Event "*** Titled Tuesday Blitz"]
[Site "Chess.com"]
[Date "2021.03.02"]
[Round "3"]
[White "Airquake"]
[Black "GMaka"]
[Result "0-1"]
[WhiteElo "2657"]
[BlackElo "2442"]
[TimeControl "180+1"]
[EndTime "10:29:06 PST"]
[Termination "GMaka won on time"]

1. g3 g6 2. Bg2 Bg7 3. Nf3 f5 4. O-O Nf6 5. c4 O-O 6. d4 Ne4 7. Nc3 Nxc3 8. bxc3 Nc6 9. Re1 e6 10. Ba3 d6 11. e4 f4 12. e5 Na5 13. Qd3 b6 14.
exd6 cxd6 15. Ng5 Qxg5 16. Bxa8 Ba6 17. Qe4 Nxc4 18. Bc1 Qf6 19. Bxf4 d5 20. Bxd5 exd5 21. Qxd5+ Kh8 22. Re6 Qf7 23. Rae1 Nd2 24. Qg2 Bb7 25. Re7 Bxg2 26. Rxf7 Nf3+ 27. Kxg2 Nxe1+ 28. Kf1 Rxf7 29. Kxe1 Re7+ 30. Kd2 h6 31. Kd3 g5 32. Be3 Bf6 33. d5 Be5 34. f4 gxf4 35. gxf4 Bd6 36. h3 Kg8 37. f5 Kf7 38. Bxh6 Re8 39. h4 Re5 40.
Kd4 Rxf5 41. Bg5 Bc5+ 42. Ke4 Rf1 43. h5 Rh1 44. h6 Kg6 45. Bf4 Bf8 46. d6 Rd1 47.
Be5 Bxd6 48. Bxd6 Rxd6 49. h7 Kxh7 0-1

[Event "*** Titled Tuesday Blitz"]
[Site "Chess.com"]
[Date "2021.03.02"]
[Round "3"]
[White "Agoking701"]
[Black "Problematique_99"]
[Result "0-1"]
[WhiteElo "2224"]
[BlackElo "2435"]
[TimeControl "180+1"]
[EndTime "10:29:06 PST"]
[Termination "Problematique_99 won on time"]

1. e4 c5 2. Nf3 Nc6 3. Bb5 g6 4. O-O Bg7 5. Re1 Nf6 6. c3 O-O 7. d4 cxd4 8. cxd4 d5 9. e5 Ne4 10. Nbd2 Nxd2 11. Bxd2 Qb6 12. Bxc6 bxc6 13. b3 Bg4 14. Be3 f6 15. h3 Bxf3 16. Qxf3 fxe5 17. Qg4 exd4 18. Qe6+ Kh8 19. Bg5 d3 20. Be3 d4 21.
Bg5 Bf6 22. Bxf6+ exf6 23. Rad1 Rae8 24. Qxe8 Rxe8 25. Rxe8+ Kg7 26. Rxd3 c5 27. Re7+ Kh6 28. Re2 a5 29. g3 f5 30. Rc2 a4 31. Kh2 axb3 32. axb3 Qb5 33. Rcd2 Kg5 34. Kg2 Kf6 35.
Kh2 Ke5 36. Re2+ Kd5 37. Red2 Ke4 38. f3+ Kd5 39. Kg2 g5 40. Kf2 h5 41. Kg2 g4 42. hxg4 hxg4 43. fxg4 fxg4 44. Kf2 Ke4 45. Ke2 Qa6 46. b4 cxb4 47. Rd1 b3 48. Rd2 b2 49.
Kf2 Qxd3 0-1

[Event "*** Titled Tuesday Blitz"]
[Site "Chess.com"]
[Date "2021.03.02"]
[Round "3"]
[White "champ2005"]
[Black "krzyzan94"]
[Result "1/2-1/2"]
[WhiteElo "3003"]
[BlackElo "2716"]
[TimeControl "180+1"]
[EndTime "10:29:07 PST"]
[Termination "Game drawn by repetition"]

1. c4 e5 2. Nc3 Nf6 3. Nf3 Nc6 4. d3 a6 5. g3 Bc5 6. Bg2 O-O 7. O-O h6 8. a3 d6 9. b4 Ba7 10. Rb1 Be6 11.
a4 Qd7 12. b5 axb5 13. axb5 Ne7 14. Nd2 Rab8 15. Ra1 Bd4 16. Bb2 Bh3 17. e3 Bxg2 18.
Kxg2 Bb6 19. Na4 Ba5 20. Ne4 Nxe4 21. dxe4 Qe6 22. Qd3 b6 23. f4 f5 24. exf5 Nxf5 25.
e4 Ne7 26. f5 Qf6 27. Bc3 Ra8 28. Bxa5 Rxa5 29. Nc3 Rfa8 30. Rac1 Ra3 31. Qd2 Qf7 32. Rf3 Kh7 33. Rc2 Ng8 34. Nd5 Nf6 35. Nxf6+ Qxf6 36.
Rxa3 Rxa3 37. Ra2 Rxa2 38. Qxa2 Qg5 39. Qe2 Qc1 40. h4 Qc3 41. Qh5 Qxc4 42. Qg6+ Kh8 43. f6 Qe2+ 44. Kg1 Qe1+ 45. Kg2 Qe2+ 46. Kg1 Qe1+ 47. Kg2 Qe2+ 1/2-1/2

[Event "*** Titled Tuesday Blitz"]
[Site "Chess.com"]
[Date "2021.03.02"]
[Round "3"]
[White "Korchmar_Vasiliy"]
[Black "Onischuk_V"]
[Result "1-0"]
[WhiteElo "2628"]
[BlackElo "2814"]
[TimeControl "180+1"]
[EndTime "10:29:07 PST"]
[Termination "Korchmar_Vasiliy won by checkmate"]

1. d4 Nf6 2. Nf3 g6 3. Bg5 Bg7 4. Nbd2 h6 5. Bh4 O-O 6. e3 d6 7. Bd3 Nbd7 8. c3 e5 9. O-O Re8 10. e4 b6 11. Re1 Bb7 12. a4 a6 13. h3 Qb8 14. Bg3 c6 15. Qc2 Qc7 16. dxe5 dxe5 17.
Nc4 Nh5 18. Bh2 b5 19. Ne3 Nf4 20. Bf1 Ne6 21. Red1 Ndc5 22. Ng4 Ng5 23. Nfxe5 Rxe5 24. f4 Nxh3+ 25. gxh3 Rh5 26. f5 Qe7 27. Bg2 Nxa4 28. f6 Bxf6 29. Rd7 Qc5+ 30. Kh1 Bg7 31. Rxb7 Rf8 32.
Rf1 Rg5 33. Qf2 Qc4 34. Nf6+ Bxf6 35. Qxf6 Qe2 36. Rf2 Qe1+ 37. Bg1 Rxg2 38. Kxg2 Qxe4+ 39. Qf3 Qe6 40. Re2 Qc4 41. Re4 Qb3 42. Re2 Nxb2 43.
Bd4 Nd1 44. Qf6 Qd5+ 45. Kh2 Qd6+ 46. Qxd6 Ne3 47. Qf6 Nf1+ 48. Kg1 Ng3 49. Qg7# 1-0

[Event "*** Titled Tuesday Blitz"]
[Site "Chess.com"]
[Date "2021.03.02"]
[Round "3"]
[White "ChristopherYoo"]
[Black "Bayernbk"]
[Result "1-0"]
[WhiteElo "2902"]
[BlackElo "2538"]
[TimeControl "180+1"]
[EndTime "10:29:07 PST"]
[Termination "ChristopherYoo won on time"]

1. d4 Nf6 2. Nf3 e6 3. c4 d5 4. Nc3 c5 5. Bg5 Be7 6. dxc5 O-O 7. e3 Nc6 8. cxd5 Nxd5 9. Bxe7 Qxe7 10. Nxd5 exd5 11. Rc1 Rd8 12. Be2 Bg4 13. O-O Rac8 14. Qa4 Ne5 15. Nxe5 Bxe2 16. Rfe1 Rxc5 17. Rxc5 Qxc5 18.
h3 Ba6 19. Nf3 Rc8 20. Nd4 Qe7 21. Qd1 Qg5 22. Qd2 h5 23. Rc1 b6 24. Nf3 Qf6 25.
Rxc8+ Bxc8 26. Qxd5 Be6 27. Qa8+ Kh7 28. Qxa7 Bxh3 29.
Qb7 Bg4 30. Nd4 h4 31. Qe4+ Qg6 32. Qxg6+ Kxg6 33. f3 Bd7 34. e4 Kf6 35. Kf2 g5 36.
Ke3 Ke5 37. b3 f6 38. a4 h3 39. gxh3 Bxh3 40. b4 Bd7 41. a5 bxa5 42. bxa5 Kd6 43. a6 Kc7 44. Nc2 Kb6 45. Nb4 f5 46. e5 Be6 47. Kd4 g4 48. fxg4 fxg4 49. Ke4 g3 50. Kf3 Kb5 51. a7 1-0

[Event "*** Titled Tuesday Blitz"]
[Site "Chess.com"]
[Date "2021.03.02"]
[Round "3"]
[White "Grandmaster1369"]
[Black "nurgyulsalimova"]
[Result "0-1"]
[WhiteElo "2423"]
[BlackElo "2655"]
[TimeControl "180+1"]
[EndTime "10:29:07 PST"]
[Termination "nurgyulsalimova won on time"]

1. e4 c6 2. d4 d5 3. Nc3 dxe4 4. Nxe4 Nf6 5. Nxf6+ exf6 6. c3 Bd6 7. Bd3 O-O 8.
Ne2 Re8 9. Qc2 h5 10. O-O h4 11. h3 Nd7 12. Bd2 Nf8 13. Rae1 Qc7 14. c4 Be6 15. b4 Rad8 16. Bc3 Qd7 17. f4 f5 18. Rd1 Qc8 19.
Kh1 Ng6 20. a4 Re7 21. Bd2 Rde8 22. Ng1 Bd7 23. Qc1 Qb8 24. a5 a6 25. Rf2 Bc7 26.
d5 cxd5 27. cxd5 Bd6 28. Rdf1 Bb5 29. Bxb5 axb5 30. Qc2 Re4 31. Qd3 Bxf4 32. Bxf4 Nxf4 33. Qxb5 Nh5 34. Nf3 Ng3+ 35. Kg1 Nxf1 36. Rxf1 Qd6 37.
Qxb7 Rxb4 38. Qa7 Qxd5 39. a6 Ra4 40. Kh1 Qc6 41. Qf2 Qxa6 42. Nxh4 Rxh4 0-1

[Event "*** Titled Tuesday Blitz"]
[Site "Chess.com"]
[Date "2021.03.02"]
[Round "3"]
[White "rasmussvane"]
[Black "Volodar_Murzin"]
[Result "1-0"]
[WhiteElo "2962"]
[BlackElo "2695"]
[TimeControl "180+1"]
[EndTime "10:29:08 PST"]
[Termination "rasmussvane won on time"]

1. Nf3 Nf6 2. g3 g6 3. Bg2 Bg7 4.
O-O O-O 5. d4 d6 6. Re1 Nbd7 7.
e4 e5 8. Nc3 a6 9. a4 c6 10. a5 Re8 11. h3 Qc7 12. Bg5 h6 13.
Be3 exd4 14. Bxd4 Ne5 15. Na4 Nfd7 16. Nxe5 Bxe5 17. Bxe5 dxe5 18. Qd2 h5 19. Red1 Nf8 20. Nb6 Rb8 21. Qd6 Qxd6 22. Rxd6 Be6 23. Rad1 Nh7 24. Na4 Kf8 25. Nc5 Bc8 26. f4 h4 27. Kf2 hxg3+ 28.
Kxg3 exf4+ 29. Kxf4 Kg7 30. h4 Nf8 31. Kg3 Ne6 32.
Na4 Nc7 33. b4 Nb5 34. R6d2 Be6 35. Nc5 Bc4 36. Rd7 b6 37. Nxa6 Ra8 38. Nc7 Nxc7 39. Rxc7 bxa5 40. Rxc6 Ba6 41. bxa5 Re5 42. Rd5 Re7 43.
Rb6 Rea7 44. e5 Bc4 45. Rd4 Rc8 46. Rb7 Ra6 47. Rxc4 1-0

[Event "*** Titled Tuesday Blitz"]
[Site "Chess.com"]
[Date "2021.03.02"]
[Round "3"]
[White "schondeln"]
[Black "Majesth"]
[Result "0-1"]
[WhiteElo "2396"]
[BlackElo "2583"]
[TimeControl "180+1"]
[EndTime "10:29:08 PST"]
[Termination "Majesth won by resignation"]

1. e4 g6 2. d4 Bg7 3. Be3 d6 4. Nc3 a6 5. Qd2 Nd7 6. h4 h5 7. f3 b5 8. Nh3 Bb7 9. Ng5 c5 10.
dxc5 Nxc5 11. O-O-O Rc8 12. Kb1 b4 13. Nd5 Bxd5 14.
exd5 Nf6 15. Bd4 a5 16. Bb5+ Ncd7 17. Ne6 fxe6 18. dxe6 O-O 19. exd7 Nxd7 20. Bxd7 Qxd7 21. Bxg7 Kxg7 22. Rhe1 Rf7 23. Re4 Qf5 24. Rde1 Rc7 25.
Qe2 Kf8 26. Qe3 d5 27. Qh6+ Kg8 28. R4e2 e5 29. Qd2 e4 30. fxe4 dxe4 31. Rxe4 Rcd7 32.
Qe2 Kh7 33. b3 Rc7 34. Re5 Qf4 35. Re4 Qf5 36. g3 a4 37. Rf4 Qc5 38. Rc4 Qf5 39. Rxb4 axb3 40. axb3 Qa5 41. Ra4 Qc3 42. Rc4 Rxc4 43. bxc4 Rb7+ 44. Kc1 Qa3+ 45. Kd2 Rd7+ 46. Qd3 Qb4+ 47. Kd1 Rxd3+ 48. cxd3 Qc3 49. Ke2 Qf6 50. Rf1 Qe5+ 51. Kd2 Qxg3 52. Kc3 Kh6 53. c5 Qxh4 54. d4 Qh3+ 55. Kc4 Qxf1+ 0-1

[Event "*** Titled Tuesday Blitz"]
[Site "Chess.com"]
[Date "2021.03.02"]
[Round "3"]
[White "rpragchess"]
[Black "Gahan-MG"]
[Result "1-0"]
[WhiteElo "2871"]
[BlackElo "2632"]
[TimeControl "180+1"]
[EndTime "10:29:09 PST"]
[Termination "rpragchess won by resignation"]

1. c4 Nf6 2. Nc3 d5 3. cxd5 Nxd5 4. Nf3 g6 5. h4 h5 6. e4 Nxc3 7. dxc3 Qxd1+ 8. Kxd1 Bg7 9. Kc2 Bg4 10. Bf4 c6 11.
Bc4 Bxf3 12. gxf3 Nd7 13. Rad1 Ne5 14. Be2 Rd8 15. Be3 b6 16. a4 Bf6 17. Ra1 O-O 18.
a5 c5 19. f4 Nc6 20. axb6 axb6 21. Ra6 Rb8 22. e5 Bg7 23. Rd1 Rfd8 24. Rxd8+ Nxd8 25. Ra7 Kf8 26. Bd3 e6 27. Be4 Ke8 28. f3 Bf8 29.
Bd3 Be7 30. Bb5+ Kf8 31. f5 Bxh4 32. Bh6+ Kg8 33. fxg6 Rb7 34. Rxb7 Nxb7 35. Be8 Nd8 36. gxf7+ Nxf7 37. Bf4 Bd8 38. Bd7 Ng5 39. Bxg5 Bxg5 40. Bxe6+ Kf8 41. Kd3 Ke7 42. Bh3 Bc1 43. b3 h4 44. c4 Bb2 45. Ke4 Ba1 46. f4 Bc3 47. f5 Kf7 48. Bg4 Ke7 49. Kf4 Kf7 50. Ke4 Ke7 51. f6+ Kf7 52. Kf5 Bb2 53. e6+ Kf8 54. e7+ 1-0